 Dungeon Crawl Stone Soup version 0.21.1-1-g345015f (webtiles) character file.

27538 Solrac the Fighter (level 13, -1/141 HPs)
             Began as a Troll Monk on Feb 23, 2018.
             Was an Elder of Trog.
             Succumbed to a black mamba's poison
             ... on level 1 of the Snake Pit.
             The game lasted 01:12:16 (13053 turns).

Solrac the Fighter (Troll Monk)                    Turns: 13053, Time: 01:12:17

Health: -1/141     AC:  7    Str: 27    XL:     13   Next: 4%
Magic:  2/21       EV: 16    Int:  5    God:    Trog [****..]
Gold:   649        SH:  0    Dex: 17    Spells: 12/12 levels left

rFire    + . .     SeeInvis +   x - +8 rapier of the Apocalypse {flame, Str+2}
rCold    . . .     Gourm    +   (no shield)
rNeg     . . .     Faith    .   H - +1 robe {rF+}
rPois    .         Spirit   +   (helmet restricted)
rElec    .         Reflect  .   z - +0 cloak
rCorr    .         Harm     .   (gloves unavailable)
MR       .....                  (boots unavailable)
Stlth    ++........             s - amulet of guardian spirit
HPRegen  0.73/turn              l - ring of see invisible
MPRegen  0.17/turn              y - ring "Paamobabb" {MP+9 Str+3 Int-2 Dex+2}

@: lethally poisoned (-1 -> -16), berserk cooldown, slowed, very slow
A: large, unfitting armour, claws 3, fast metabolism 3, gourmand, regeneration
1, shaggy fur 1, tough skin 2
a: Berserk, Trog's Hand, Brothers in Arms, Burn Spellbooks, Renounce Religion


You were on level 1 of the Snake Pit.
You worshipped Trog.
Trog was greatly pleased with you.
You were very hungry.

You visited 4 branches of the dungeon, and saw 16 of its levels.

You collected 757 gold pieces.
You spent 108 gold pieces at shops.

Inventory:

Hand Weapons
 x - the +8 rapier of the Apocalypse (weapon) {flame, Str+2}
   (You found it on level 5 of the Dungeon)

   It has been specially enchanted to burn those struck by it, causing extra
   injury to most foes and up to half again as much damage against particularly
   susceptible opponents.
   It affects your strength (+2).
 C - a +0 flail of protection
 G - a +2 scimitar of flaming
Missiles
 c - 330 stones (quivered)
 v - a throwing net
 O - 4 large rocks
Armour
 a - a +0 robe
 z - a +0 cloak (worn)
 H - a +1 robe of fire resistance (worn)
Jewellery
 l - a ring of see invisible (left claw)
 s - an amulet of guardian spirit (around neck)
 y - the ring "Paamobabb" (right claw) {MP+9 Str+3 Int-2 Dex+2}
   (You found it on level 6 of the Dungeon)

   [ring of magical power]

   It affects your strength (+3).
   It affects your intelligence (-2).
   It affects your dexterity (+2).
   It affects your magic capacity (+9).
 F - an uncursed ring of protection from magic
 I - a +1 ring of protection
 M - an uncursed ring of ice {unknown}
Wands
 p - a wand of flame (69)
 A - a wand of disintegration (14)
 K - a wand of polymorph (13)
 L - a wand of acid (13)
 Q - a wand of iceblast (8)
Scrolls
 d - 5 scrolls of blinking
 f - 4 scrolls of amnesia
 h - 3 scrolls of teleportation {unknown}
 j - 8 scrolls of remove curse
 m - 2 scrolls of magic mapping {unknown}
 n - 4 scrolls of identify
 r - a scroll of enchant weapon {unknown}
 t - a scroll of fear {unknown}
 u - a scroll of silence {unknown}
 w - 3 scrolls of enchant armour {unknown}
 N - 2 scrolls of noise {unknown}
 P - a scroll of fog {unknown}
Potions
 e - 7 potions of magic
 g - 2 potions of agility {unknown}
 i - 13 potions of curing
 k - a potion of flight {unknown}
 o - 3 potions of might {unknown}
 q - a potion of ambrosia {unknown}
 B - a potion of invisibility {unknown}
 D - 3 potions of brilliance {unknown}
 E - a potion of resistance {unknown}
 J - a potion of mutation {unknown}
 R - 2 potions of heal wounds {unknown}
 T - a potion of lignification {unknown}
Miscellaneous
 S - a lamp of fire
Comestibles
 b - 24 rations


   Skills:
 + Level 12.5 Fighting
 * Level 2.3 Short Blades
 + Level 9.7 Dodging
 - Level 1.0 Stealth
 - Level 12.3 Unarmed Combat


You had 12 spell levels left.
You didn't know any spells.

Dungeon Overview and Level Annotations

Branches:
Dungeon (11/15)            Temple (1/1) D:4            Lair (3/6) D:8
  Swamp (0/4) Lair:3        Snake (1/4) Lair:3
    Orc: D:9-12

Altars:
Dithmenos
Elyvilon
Fedhas
Kikubaaqudgha
Makhleb
Nemelex Xobeh
Okawaru
Qazlal
Ru
Sif Muna
Trog
Vehumet
Xom
Yredelemnul

Shops:
D:7 *((   D:9 *   Snake:1 *

Annotations:
D:6 exclusion: oklob plant
D:9 Shop
D:11 Maurice


Innate Abilities, Weirdness & Mutations

You are too large for most types of armour.
You have claws for hands.
Your metabolism is lightning-fast.
You like to eat raw meat.
Your natural rate of healing is unusually fast.
You are covered in fur. (AC +1)
You have very tough skin. (AC +2)


Message History

You feel yourself moving faster!
You feel mighty!
You are feeling very hungry.
* * * LOW HITPOINT WARNING * * *
You feel very sick. The black mamba bites you.
* * * LOW HITPOINT WARNING * * *
You puncture the black mamba! You burn the black mamba.
You kill the black mamba!
Trog accepts your kill.
* * * LOW HITPOINT WARNING * * *
You feel sick.
* * * LOW HITPOINT WARNING * * *
You feel sick.
You feel a strong urge to attack something.
* * * LOW HITPOINT WARNING * * *
You feel sick.
You are no longer berserk.
You are exhausted.
You feel yourself slow down.
You die...

#.# #.####.# ## #.##
#......## #.#
(..###..###..###.#
.)........##..#..#
.(###...........#
((##.....#......## .#
.(#......####....####....
..).......##..##.....#
.............##.@.#..#
............##....# .#
.....>......#.....# .
##..##............#
#..###............ #).#
#...#....##$. #...
.###...# #. ..... # #.#.
.# ......


There were no monsters in sight!

Vanquished Creatures
  The ghost of jazmu the Warrior, an adept FoGl of Makhleb (Snake:1)
  The ghost of Nr616 the Severer, a journeyman HOBe of Trog (Lair:3)
  Snorg (D:10)
  A hydra (Lair:3)
  Erica (D:8)
  A two-headed ogre (D:10)
  5 naga sharpshooters (Snake:1)
  2 salamanders (Snake:1)
  A naga mage (Snake:1)
  9 black mambas
  A guardian serpent (Snake:1)
  8 spiny frogs
  3 komodo dragons
  A tyrant leech (Lair:3)
  6 polar bears (Lair:1)
  4 blink frogs (Lair:2)
  2 hippogriffs
  A meliai zombie (D:9)
  3 yaks (Lair:1)
  A wyvern (Lair:3)
  3 hungry ghosts
  3 nagas (Snake:1)
  2 swamp worms (Lair:3)
  3 water moccasins (Lair:2)
  11 porcupines
  4 ice beasts
  An orc warrior (D:8)
  8 black bears (Lair:1)
  3 sky beasts
  2 phantoms
  4 centaurs
  3 ogres
  2 crocodiles (Lair:2)
  A big kobold (D:8)
  8 bullfrogs
  A scorpion (D:8)
  5 wights (D:8)
  2 howler monkeys (D:5)
  4 crimson imps
  A centaur zombie (D:7)
  5 hounds
  3 centaur skeletons
  9 orc wizards
  An orc priest (D:10)
  A jelly (D:7)
  A bullfrog skeleton (D:9)
  6 iguanas
  Jessica (D:3)
  7 worker ants
  A killer bee zombie (D:8)
  A hound zombie (D:6)
  2 hound skeletons
  2 worker ant zombies
  13 adders
  A shadow imp (D:6)
  4 adder zombies
  3 adder skeletons
  A worm (D:4)
  2 dart slugs
  2 leopard geckos (D:5)
  22 orcs
  6 giant cockroaches
  8 goblins
  9 hobgoblins
  7 jackals
  2 quokkas
  A ball python (D:6)
  4 bats
  8 frilled lizards
  A jackal skeleton (D:2)
  8 kobolds
  2 leopard gecko skeletons
  12 rats
  2 fungi (Lair:3)
282 creatures vanquished.

Vanquished Creatures (collateral kills)
  A hydra (Lair:3)
  A two-headed ogre (D:8)
  A naga ritualist (Snake:1)
  A manticore (D:10)
  A naga mage (Snake:1)
  2 nagas (Snake:1)
  A centaur (D:10)
8 creatures vanquished.

Vanquished Creatures (others)
  An ogre (D:4)
  An orc wizard (D:4)
  An adder (D:4)
  A fungus (Lair:2)
  A plant (Lair:2)
5 creatures vanquished.

Grand Total: 295 creatures vanquished

Notes
Turn   | Place    | Note
-------+----------+-------------------------------------------
     0 | D:1      | Solrac the Troll Monk began the quest for the Orb.
     0 | D:1      | Reached XP level 1. HP: 22/22 MP: 0/0
   144 | D:1      | Reached XP level 2. HP: 26/29 MP: 1/1
   611 | D:2      | Reached XP level 3. HP: 34/36 MP: 2/2
   791 | D:2      | Reached XP level 4. HP: 44/44 MP: 3/3
  1254 | D:3      | Noticed Jessica
  1262 | D:3      | Killed Jessica
  1262 | D:3      | Reached skill level 5 in Unarmed Combat
  1262 | D:3      | Reached XP level 5. HP: 46/52 MP: 4/4
  1505 | D:4      | Killed an ogre
  1547 | D:4      | Noticed an ogre
  1750 | D:4      | Found a staircase to the Ecumenical Temple.
  1759 | Temple   | Entered the Ecumenical Temple
  1770 | Temple   | Became a worshipper of Trog the Wrathful
  1770 | Temple   | Reached * piety under Trog
  1770 | Temple   | Reached ** piety under Trog
  1851 | D:4      | Reached XP level 6. HP: 50/59 MP: 0/5
  1948 | D:4      | Found a blossoming altar of Fedhas.
  2143 | D:4      | Found a shimmering altar of Xom.
  2404 | D:4      | Reached XP level 7. HP: 66/66 MP: 6/6
  2750 | D:5      | Entered Level 5 of the Dungeon
  3234 | D:5      | Got a brightly glowing rapier
  3397 | D:6      | Found a deep blue altar of Sif Muna.
  3423 | D:6      | Reached XP level 8. HP: 45/79 MP: 3/7
  3480 | D:6      | Got a scintillating wooden ring
  3481 | D:6      | Identified the ring "Paamobabb" {MP+9 Str+3 Int-2 Dex+2} (You found it on level 6 of the Dungeon)
  3817 | D:6      | Found a stormy altar of Qazlal.
  3818 | D:6      | Noticed an oklob plant
  3868 | D:6      | Reached skill level 5 in Fighting
  4000 | D:7      | Found Hyka's Antique Weapon Shoppe.
  4141 | D:7      | Reached *** piety under Trog
  4164 | D:7      | Noticed a hippogriff
  4168 | D:7      | Killed a hippogriff
  4168 | D:7      | Reached skill level 5 in Dodging
  4195 | D:7      | Found Pocets's Antique Weapon Shop.
  4397 | D:7      | Found Byuriez's General Store.
  4407 | D:7      | Bought a scroll of remove curse for 36 gold pieces
  4407 | D:7      | Bought a scroll of remove curse for 36 gold pieces
  4563 | D:7      | Reached XP level 9. HP: 56/89 MP: 8/8
  4767 | D:7      | Found a shadowy altar of Dithmenos.
  5046 | D:8      | Found a staircase to the Lair.
  5197 | D:8      | Reached **** piety under Trog
  5347 | D:8      | Found a burning altar of Makhleb.
  5736 | D:8      | Noticed Erica
  5744 | D:8      | Killed Erica
  5814 | D:8      | Noticed a two-headed ogre
  5818 | D:8      | Killed a two-headed ogre
  5818 | D:8      | Reached XP level 10. HP: 104/104 MP: 9/9
  5857 | D:8      | Found a stormy altar of Qazlal.
  6050 | D:9      | Found a sacrificial altar of Ru.
  6094 | D:9      | Found a blossoming altar of Fedhas.
  6653 | D:9      | Found Xupamasu's Assorted Antiques.
  6937 | D:10     | Entered Level 10 of the Dungeon
  7170 | D:10     | Noticed a two-headed ogre
  7179 | D:10     | Killed a two-headed ogre
  7179 | D:10     | Reached skill level 10 in Unarmed Combat
  7479 | D:10     | Noticed Snorg
  7479 | D:10     | Noticed a manticore
  7492 | D:10     | Killed Snorg
  7492 | D:10     | Killed a manticore
  7494 | D:10     | HP: 2/160 [centaur/arrow (9)]
  7978 | D:11     | Noticed Maurice
  7978 | D:11     | Noticed a manticore
  8050 | D:8      | Found a white marble altar of Elyvilon.
  8079 | Lair:1   | Entered Level 1 of the Lair of Beasts
  8149 | Lair:1   | Noticed a spiny frog
  8157 | Lair:1   | Killed a spiny frog
  8157 | Lair:1   | Reached XP level 11. HP: 107/117 MP: 10/10
  8453 | Lair:1   | Reached skill level 10 in Fighting
  9133 | Lair:2   | Reached ***** piety under Trog
  9425 | Lair:2   | Received a gift from Trog
  9917 | Lair:3   | Noticed Nr616's ghost (journeyman HOBe)
  9930 | Lair:3   | Killed Nr616's ghost
  9930 | Lair:3   | Reached XP level 12. HP: 48/130 MP: 0/11
 10478 | Lair:3   | Noticed a five-headed hydra
 10483 | Lair:3   | Killed a five-headed hydra
 10537 | Lair:3   | Found a staircase to the Snake Pit.
 10567 | Lair:3   | Found a staircase to the Swamp.
 10714 | Lair:3   | Noticed a six-headed hydra
 10724 | Lair:3   | Killed a ten-headed hydra
 11023 | Snake:1  | Entered Level 1 of the Snake Pit
 11339 | Snake:1  | Found Wisitt's General Store.
 11359 | Snake:1  | Bought a scroll of identify for 36 gold pieces
 11454 | Snake:1  | Received a gift from Trog
 11671 | Snake:1  | Noticed jazmu's ghost (adept FoGl)
 11677 | Snake:1  | Noticed a naga warrior
 11678 | Snake:1  | Noticed a naga warrior
 11723 | Snake:1  | Killed jazmu's ghost
 12181 | Snake:1  | Identified the +8 rapier of the Apocalypse {flame, Str+2} (You found it on level 5 of the Dungeon)
 12649 | Snake:1  | Reached skill level 1 in Short Blades
 12849 | Snake:1  | Reached XP level 13. HP: 31/141 MP: 3/12
 13048 | Snake:1  | HP: 7/141 [black mamba (9)]
 13050 | Snake:1  | HP: 3/211 [poisoned by a black mamba]
 13052 | Snake:1  | HP: 1/211 [poisoned by a black mamba]
 13053 | Snake:1  | Succumbed to a black mamba's poison

Skill      XL: |  1  2  3  4  5  6  7  8  9 10 11 12 |
---------------+-------------------------------------+-----
Unarmed Combat | 4 5 6 7 8 9 10 11 12 | 12.3
Dodging        | 3 4 5 6 7 8 9 |  9.7
Fighting       | 4 6 8 9 11 12 | 12.5
Short Blades   | 2 |  2.3
Stealth        | |  1.0

Action                   |  1- 3 |  4- 6 |  7- 9 | 10-12 | 13-15 || total
-------------------------+-------+-------+-------+-------+-------++-------
Melee: Unarmed           |    72 |   107 |   301 |   392 |       ||   872
       Punch             |       |     1 |    13 |    28 |     1 ||    43
       Rapier            |       |       |       |    49 |    17 ||    66
Invok: Berserk           |       |     1 |     1 |    12 |     1 ||    15
       Brothers in Arms  |       |       |     1 |     3 |       ||     4
       Burn Spellbooks   |       |       |     1 |     1 |       ||     2
  Use: Scroll            |     3 |     2 |     1 |     5 |       ||    11
       Potion            |       |       |       |     1 |       ||     1
 Stab: Sleeping          |     1 |       |     4 |     2 |       ||     7
  Eat: Chunk             |    13 |    13 |    40 |    52 |       ||   118
       Ration            |       |       |       |     8 |     1 ||     9
Armor: Robe              |    19 |    51 |    65 |   114 |     2 ||   251
Dodge: Dodged            |    40 |    78 |   165 |   338 |    27 ||   648
